Wild vs Penguins

Created - Thursday, January 15, 2015 at 01:02

Goals
1 2 3 OT1 SO T
Wild 0 2 0 0 1 3
Penguins 1 0 1 0 0 2
Shots
1 2 3 OT1 SO T
Wild 10 12 10 3 3 35
Penguins 15 6 16 2 3 39

1st period

1. Penguins , Raphael Diaz 3 (Mikael Granlund, Patrick Sharp) at 7:37 (PP)

Penalties :
Alexandre Burrows (Min) for Hooking (Minor) at 0:39, Paul Gaustad (Pit) for Hooking (Minor) at 3:26, Chris Neil (Min) for High sticking (Minor) at 6:29, Tuomo Ruutu (Min) for Hooking (Minor) at 10:00, Thomas Vanek (Min) for Boarding (Minor) at 17:19

2nd period

2. Wild , Brad Marchand 8 (Alexandre Burrows, Jerred Smithson) at 4:38
3. Wild , Marek Zidlicky 6 (Dan Boyle) at 14:23

Penalties :
Alexandre Burrows (Min) for Roughing (Minor) at 1:30

3rd period

4. Penguins , Vladimir Tarasenko 9 (Patrick Sharp, Mikael Granlund) at 18:32 (PP)

Penalties :
Alexandre Burrows (Min) for Holding (Minor) at 3:43, Chris Neil (Min) for Holding (Minor) at 10:34, Mark Streit (Min) for Roughing (Double Minor) at 18:23

Overtime #1

No Goal

Penalties :
No Penalty

Shootout

Penalty Shot by Patrik Elias for Wild - Shot Misses the Net
Penalty Shot by Patrick Sharp for Penguins - Stopped by Antti Niemi
Penalty Shot by Thomas Vanek for Wild - Shot Misses the Net
Penalty Shot by Paul Gaustad for Penguins - Stopped by Antti Niemi
Penalty Shot by Jordan Eberle for Wild - Goal!
Penalty Shot by Nathan MacKinnon for Penguins - Stopped by Antti Niemi

Penalties :
No Penalty

Goalie Stats

Antti Niemi (Min), 37 saves from 39 shots - (0.949), W, 22-7-4, 65:00 minutes
Ryan Miller (Pit), 33 saves from 35 shots - (0.943), OTL, 16-11-8, 65:00 minutes

Players Stats for Wild

Player Name              G  A  P  +/- PIM S  H  SB GA TA FO     MP     PP MP  PK MP  
------------------------------------------------------------------------------------
Alexandre Burrows        0  1  1   1  6   3  2  1  0  1  0/1    14:18   1:00   0:00 
Brad Marchand            1  0  1   1  0   4  2  0  1  0  1/2    16:01   0:00   1:05 
Bryce Salvador           0  0  0   0  0   1  0  5  0  3  0/0    22:04   1:03   5:07 
Chris Neil               0  0  0   1  4   0  2  0  0  0  0/0     9:50   0:00   0:00 
Cody Franson             0  0  0   0  0   2  5  4  0  4  0/0    29:00   0:56  10:03 
Dan Boyle                0  1  1   2  0   3  1  4  0  3  0/0    29:18   0:56  10:03 
Drew Miller              0  0  0   1  0   2  0  2  0  1  0/0    16:01   0:00   5:16 
Jason Zucker             0  0  0   0  0   2  0  0  0  0  1/1     9:49   0:00   0:00 
Jerred Smithson          0  1  1   0  0   0  1  0  0  0  5/8     9:49   0:00   0:00 
Jordan Eberle            0  0  0   0  0   2  1  1  1  0  1/3    15:31   0:59   4:10 
Luke Schenn              0  0  0   0  0   2  1  2  0  2  0/0    21:26   0:00   5:07 
Marek Zidlicky           1  0  1   2  0   4  1  0  0  2  0/0    13:56   0:00   0:00 
Mark Streit              0  0  0   0  4   2  0  1  1  1  0/0    14:43   1:03   0:00 
Maxime Talbot            0  0  0   1  0   2  0  0  0  2  4/13   14:04   1:00   0:00 
Michal Handzus           0  0  0   1  0   1  0  0  0  0  2/8    10:56   0:00   0:00 
Patrik Elias             0  0  0   0  0   1  0  0  1  0  10/23  24:31   0:59  10:38 
Thomas Vanek             0  0  0   0  2   2  2  0  4  0  0/2    22:09   0:59   8:39 
Tuomo Ruutu              0  0  0   0  2   2  1  0  0  0  0/0    11:16   1:00   0:00 

Players Stats for Penguins

Player Name              G  A  P  +/- PIM S  H  SB GA TA FO     MP     PP MP  PK MP  
------------------------------------------------------------------------------------
Anton Volchenkov         0  0  0  -1  0   1  1  1  0  0  0/0    14:29   0:00   0:55 
Chris Butler             0  0  0  -1  0   2  0  1  1  0  0/0    12:55   0:00   1:04 
Chris Kelly              0  0  0  -1  0   3  0  0  1  1  0/0    11:14   0:00   1:27 
Christian Ehrhoff        0  0  0  -1  0   1  1  2  1  2  0/0    28:43   8:46   0:00 
Dan Hamhuis              0  0  0   0  0   6  1  1  0  0  0/0    23:22   5:52   0:55 
David Legwand            0  0  0   0  0   1  2  0  2  1  4/7    17:28   6:25   0:00 
Elias Lindholm           0  0  0   0  0   1  0  0  2  0  0/0    11:34   0:00   0:00 
Jimmy Hayes              0  0  0  -1  0   0  1  0  1  0  0/0     8:55   0:00   0:00 
Marcus Foligno           0  0  0   0  0   1  2  0  1  0  0/1    12:39   0:00   0:32 
Mark Giordano            0  0  0  -1  0   2  4  1  3  0  0/0    30:06   8:46   1:04 
Mikael Granlund          0  2  2  -1  0   0  2  1  3  1  17/26  22:39   8:13   0:00 
Nail Yakupov             0  0  0   0  0   0  3  0  1  0  0/0    19:01   6:25   0:00 
Nate Thompson            0  0  0  -1  0   3  0  0  4  0  8/9     9:27   0:00   0:32 
Nathan MacKinnon         0  0  0  -1  0   5  2  0  5  0  3/5    22:19   6:25   1:27 
Patrick Sharp            0  2  2  -1  0   1  1  0  2  0  0/0    22:39   8:13   0:00 
Paul Gaustad             0  0  0   0  2   1  1  0  0  0  4/9    11:52   0:00   0:00 
Raphael Diaz             1  0  1   0  0   4  0  1  0  0  0/0    20:25   5:52   0:00 
Vladimir Tarasenko       1  0  1   0  0   7  1  1  5  0  1/4    18:13   8:13   0:00 

3 Stars

1 - Marek Zidlicky (Min)
2 - Brad Marchand (Min)
3 - Antti Niemi (Min)

Power Play

Wild - 0 on 1 Attempt(s) - 0.00%
Penguins - 2 on 9 Attempt(s) - 22.22%

Penalty Kill

Wild - 7 on 9 Attempt(s) - 77.78% - Score 0 goal in Penalty Kill
Penguins - 1 on 1 Attempt(s) - 100.00% - Score 0 goal in Penalty Kill

Team Stat

Wild - Hits : 19 - Faceoff Wins : 24 - Blocked Shots : 20 - Penalty Minutes : 18
Penguins - Hits : 22 - Faceoff Wins : 37 - Blocked Shots : 9 - Penalty Minutes : 2

Official

Referees : Unknown
Linesman : Unknown

Game Notes

No Game Note

Finance

Level 1 -- Attendance: 4481 (74.68%) -- Ticket Income $403,290
Level 2 -- Attendance: 4841 (96.82%) -- Ticket Income $256,573
Level 3 -- Attendance: 1944 (97.20%) -- Ticket Income $58,320
Level 4 -- Attendance: 4000 (100.00%) -- Ticket Income $64,000
Luxury Box -- Attendance: 887 (88.70%) -- Ticket Income $158,773
Game was played at the Consol Energy Center'
Total Attendance: 16153 (89.74%)
Total Ticket Income: $940,956
Other Income: $461,068
Total Income: $1,402,024

Wild

5 vs 5 Forward 
   Center                   Left Wing                Right Wing               Time % Phy DF OF 
 1 Patrik Elias             Thomas Vanek             Jordan Eberle            35     1   2  2  
 2 Maxime Talbot            Brad Marchand            Alexandre Burrows        30     1   2  2  
 3 Michal Handzus           Drew Miller              Chris Neil               22     1   2  2  
 4 Jerred Smithson          Jason Zucker             Tuomo Ruutu              13     1   2  2  

5 vs 5 Defense 
   Defense                  Defense                                           Time % Phy DF OF 
 1 Marek Zidlicky           Dan Boyle                                         35     1   2  2  
 2 Cody Franson             Mark Streit                                       30     1   2  2  
 3 Luke Schenn              Bryce Salvador                                    22     1   2  2  
 4 Cody Franson             Luke Schenn                                       13     1   2  2  

PowerPlay Forward 
   Center                   Left Wing                Right Wing               Time % Phy DF OF 
 1 Patrik Elias             Thomas Vanek             Jordan Eberle            60     1   2  2  
 2 Alexandre Burrows        Maxime Talbot            Tuomo Ruutu              40     1   2  2  

PowerPlay Defense
   Defense                  Defense                                           Time % Phy DF OF 
 1 Cody Franson             Dan Boyle                                         60     1   2  2  
 2 Bryce Salvador           Mark Streit                                       40     1   2  2  

Penalty Kill 4 Players Forward 
   Center                   Wing                     Time % Phy DF OF 
 1 Patrik Elias             Thomas Vanek             60     1   2  2  
 2 Jordan Eberle            Drew Miller              40     1   2  2  

Penalty Kill 4 Players Defense
   Defense                  Defense                  Time % Phy DF OF 
 1 Cody Franson             Dan Boyle                60     1   2  2  
 2 Bryce Salvador           Luke Schenn              40     1   2  2  

Penalty Kill - 3 Players Forward 
   Forward                                           Time % Phy DF OF 
 1 Patrik Elias                                      60     1   2  2  
 2 Thomas Vanek                                      40     1   2  2  

Penalty Kill - 3 Players Defense
   Defense                  Defense                  Time % Phy DF OF 
 1 Cody Franson             Dan Boyle                60     1   2  2  
 2 Bryce Salvador           Luke Schenn              40     1   2  2  

4 vs 4 Forward 
   Center                   Wing                     Time % Phy DF OF 
 1 Patrik Elias             Thomas Vanek             60     1   2  2  
 2 Jordan Eberle            Alexandre Burrows        40     1   2  2  

4 vs 4 Defense
   Defense                  Defense                  Time % Phy DF OF 
 1 Cody Franson             Dan Boyle                60     1   2  2  
 2 Bryce Salvador           Mark Streit              40     1   2  2  

Last Minutes Offensive
   Center                   Left Wing                Right Wing               Defense                  Defense                  
   Patrik Elias             Thomas Vanek             Jordan Eberle            Cody Franson             Dan Boyle                

Last Minutes Defensive
   Center                   Left Wing                Right Wing               Defense                  Defense                  
   Patrik Elias             Thomas Vanek             Jordan Eberle            Cody Franson             Dan Boyle                

Goaltenders
Starting : Antti Niemi              
Backup : Niklas Backstrom         

Extra Forwards
Normal : Brad Marchand, Michal Handzus, Drew Miller - PP : Brad Marchand, Michal Handzus - PK : Drew Miller
Extra Defensemen
Normal : Mark Streit, Luke Schenn, Bryce Salvador - PP : Mark Streit - PK : Luke Schenn, Bryce Salvador
Penalty Shots
Patrik Elias, Thomas Vanek, Jordan Eberle, Michal Handzus, Tuomo Ruutu

Penguins

5 vs 5 Forward 
   Center                   Left Wing                Right Wing               Time % Phy DF OF 
 1 Mikael Granlund          Patrick Sharp            Nathan MacKinnon         35     1   2  2  
 2 David Legwand            Nail Yakupov             Vladimir Tarasenko       30     1   2  2  
 3 Paul Gaustad             Marcus Foligno           Elias Lindholm           22     1   2  2  
 4 Nate Thompson            Jimmy Hayes              Chris Kelly              13     1   2  2  

5 vs 5 Defense 
   Defense                  Defense                                           Time % Phy DF OF 
 1 Mark Giordano            Christian Ehrhoff                                 40     1   2  2  
 2 Raphael Diaz             Dan Hamhuis                                       35     1   2  2  
 3 Chris Butler             Anton Volchenkov                                  20     1   2  2  
 4 Mark Giordano            Christian Ehrhoff                                 5      1   2  2  

PowerPlay Forward 
   Center                   Left Wing                Right Wing               Time % Phy DF OF 
 1 Mikael Granlund          Patrick Sharp            Vladimir Tarasenko       60     1   1  3  
 2 David Legwand            Nail Yakupov             Nathan MacKinnon         40     1   1  3  

PowerPlay Defense
   Defense                  Defense                                           Time % Phy DF OF 
 1 Mark Giordano            Christian Ehrhoff                                 60     1   1  3  
 2 Dan Hamhuis              Raphael Diaz                                      40     1   1  3  

Penalty Kill 4 Players Forward 
   Center                   Wing                     Time % Phy DF OF 
 1 Paul Gaustad             Chris Kelly              60     1   3  1  
 2 Nate Thompson            Marcus Foligno           40     1   3  1  

Penalty Kill 4 Players Defense
   Defense                  Defense                  Time % Phy DF OF 
 1 Anton Volchenkov         Dan Hamhuis              60     1   3  1  
 2 Chris Butler             Mark Giordano            40     1   3  1  

Penalty Kill - 3 Players Forward 
   Forward                                           Time % Phy DF OF 
 1 Paul Gaustad                                      60     1   3  1  
 2 Nate Thompson                                     40     1   3  1  

Penalty Kill - 3 Players Defense
   Defense                  Defense                  Time % Phy DF OF 
 1 Anton Volchenkov         Dan Hamhuis              60     1   3  1  
 2 Chris Butler             Mark Giordano            40     1   3  1  

4 vs 4 Forward 
   Center                   Wing                     Time % Phy DF OF 
 1 Mikael Granlund          Patrick Sharp            60     1   2  2  
 2 David Legwand            Nathan MacKinnon         40     1   2  2  

4 vs 4 Defense
   Defense                  Defense                  Time % Phy DF OF 
 1 Mark Giordano            Christian Ehrhoff        60     1   2  2  
 2 Dan Hamhuis              Anton Volchenkov         40     1   2  2  

Last Minutes Offensive
   Center                   Left Wing                Right Wing               Defense                  Defense                  
   Mikael Granlund          Patrick Sharp            Nathan MacKinnon         Mark Giordano            Christian Ehrhoff        

Last Minutes Defensive
   Center                   Left Wing                Right Wing               Defense                  Defense                  
   Mikael Granlund          Patrick Sharp            Nathan MacKinnon         Mark Giordano            Christian Ehrhoff        

Goaltenders
Starting : Ryan Miller              
Backup : Alex Stalock             

Extra Forwards
Normal : Nathan MacKinnon, Nail Yakupov, Marcus Foligno - PP : Nathan MacKinnon, Nail Yakupov - PK : Paul Gaustad
Extra Defensemen
Normal : Dan Hamhuis, Christian Ehrhoff, Chris Butler - PP : Dan Hamhuis - PK : Dan Hamhuis, Christian Ehrhoff
Penalty Shots
Patrick Sharp, Paul Gaustad, Nathan MacKinnon, Vladimir Tarasenko, David Legwand

% Time on Ice - Wild

Lines # - Real PCT - Wanted PCT - Time Play
Normal Forward
1 - 25% - 35% - 10:41
2 - 31% - 30% - 13:20
3 - 22% - 22% - 9:33
4 - 23% - 13% - 9:49
Normal Defense
1 - 37% - 35% - 16:06
2 - 32% - 30% - 14:04
3 - 24% - 22% - 10:33
4 - 6% - 13% - 2:40
PP Forward
1 - 50% - 60% - 0:59
2 - 50% - 40% - 1:00
PP Defense
1 - 47% - 60% - 0:56
2 - 53% - 40% - 1:03
PK Forward
1 - 72% - 60% - 10:28
2 - 28% - 40% - 4:10
PK Defense
1 - 65% - 60% - 9:31
2 - 35% - 40% - 5:07
PK3 Forward
1 - 100% - 60% - 0:32
2 - 0% - 40% - 0:00
PK3 Defense
1 - 100% - 60% - 0:32
2 - 0% - 40% - 0:00
44 Forward
1 - 100% - 60% - 4:28
2 - 0% - 40% - 0:00
44 Defense
1 - 50% - 60% - 2:13
2 - 50% - 40% - 2:15
Last Minute Offensive  - 0:00
Last Minute Defensive  - 0:00
Total
Forward - 65:00
Defense - 65:00

% Time on Ice - Penguins

Lines # - Real PCT - Wanted PCT - Time Play
Normal Forward
1 - 27% - 35% - 11:51
2 - 25% - 30% - 11:03
3 - 27% - 22% - 11:34
4 - 21% - 13% - 8:55
Normal Defense
1 - 39% - 40% - 16:59
2 - 34% - 35% - 14:52
3 - 27% - 20% - 11:32
4 - 0% - 5% - 0:00
PP Forward
1 - 56% - 60% - 8:13
2 - 44% - 40% - 6:25
PP Defense
1 - 60% - 60% - 8:46
2 - 40% - 40% - 5:52
PK Forward
1 - 73% - 60% - 1:27
2 - 27% - 40% - 0:32
PK Defense
1 - 46% - 60% - 0:55
2 - 54% - 40% - 1:04
PK3 Forward
1 - 0% - 60%
2 - 0% - 40%
PK3 Defense
1 - 0% - 60%
2 - 0% - 40%
44 Forward
1 - 100% - 60% - 5:00
2 - 0% - 40% - 0:00
44 Defense
1 - 59% - 60% - 2:58
2 - 41% - 40% - 2:02
Last Minute Offensive  - 0:00
Last Minute Defensive  - 0:00
Total
Forward - 65:00
Defense - 65:00

Play by Play

1st period


0:01 of 1st period - Mikael Granlund wins face-off versus Patrik Elias in neutral zone.
0:20 of 1st period - Snap shot by Thomas Vanek.
0:20 of 1st period - Stopped by Ryan Miller with a rebound.
0:22 of 1st period - Wrist shot by Patrik Elias.
0:22 of 1st period - Deflect By Jordan Eberle.
0:22 of 1st period - Shot Misses the Net.
0:22 of 1st period - Puck is out of play.
0:23 of 1st period - David Legwand wins face-off versus Maxime Talbot in Penguins zone.
0:39 of 1st period - Minor Penalty to Alexandre Burrows for Hooking.
0:40 of 1st period - Mikael Granlund wins face-off versus Patrik Elias in Wild zone.
1:28 of 1st period - Cody Franson is hit by Nathan MacKinnon and loses puck.
1:35 of 1st period - Snap shot by Nathan MacKinnon.
1:35 of 1st period - Shot Blocked by Cody Franson.
1:37 of 1st period - Snap shot by Dan Hamhuis.
1:37 of 1st period - Stopped by Antti Niemi with a rebound.
1:47 of 1st period - Snap shot by Nathan MacKinnon.
1:47 of 1st period - Shot Blocked by Cody Franson.
1:54 of 1st period - Slapshot by Dan Hamhuis.
1:54 of 1st period - Stopped by Antti Niemi with a rebound.
1:56 of 1st period - Slapshot by Dan Hamhuis.
1:56 of 1st period - Deflect By Nathan MacKinnon.
1:56 of 1st period - Shot Blocked by Dan Boyle.
1:56 of 1st period - Puck is out of play.
1:57 of 1st period - Patrik Elias wins face-off versus Vladimir Tarasenko in Wild zone.
2:39 of 1st period - Penalty to Alexandre Burrows is over, Alexandre Burrows is back on ice.
3:00 of 1st period - Chris Butler is hit by Brad Marchand and loses puck.
3:14 of 1st period - Off-side.
3:15 of 1st period - Paul Gaustad wins face-off versus Michal Handzus in neutral zone.
3:18 of 1st period - Marek Zidlicky is hit by Marcus Foligno and loses puck.
3:26 of 1st period - Minor Penalty to Paul Gaustad for Hooking.
3:27 of 1st period - Patrik Elias wins face-off versus Nathan MacKinnon in Penguins zone.
4:08 of 1st period - Anton Volchenkov is hit by Cody Franson and loses puck.
4:21 of 1st period - Snap shot by Alexandre Burrows.
4:21 of 1st period - Deflect By Tuomo Ruutu.
4:21 of 1st period - Shot Blocked by Anton Volchenkov.
4:21 of 1st period - Puck is out of play.
4:22 of 1st period - Nathan MacKinnon wins face-off versus Alexandre Burrows in Penguins zone.
5:03 of 1st period - Wrist shot by Thomas Vanek.
5:03 of 1st period - Shot Misses the Net.
5:05 of 1st period - Snap shot by Patrik Elias.
5:05 of 1st period - Shot Misses the Net.
5:07 of 1st period - Slapshot by Bryce Salvador.
5:07 of 1st period - Shot Blocked by Chris Butler.
5:09 of 1st period - Slapshot by Bryce Salvador.
5:09 of 1st period - Shot Misses the Net.
5:11 of 1st period - Slapshot by Jordan Eberle.
5:11 of 1st period - Stopped by Ryan Miller with a rebound.
5:26 of 1st period - Penalty to Paul Gaustad is over, Paul Gaustad is back on ice.
5:56 of 1st period - Michal Handzus is hit by Nail Yakupov and loses puck.
6:11 of 1st period - Wrist shot by Vladimir Tarasenko.
6:11 of 1st period - Shot Misses the Net.
6:13 of 1st period - Snap shot by Dan Hamhuis.
6:13 of 1st period - Shot Blocked by Drew Miller.
6:15 of 1st period - Slapshot by Raphael Diaz.
6:15 of 1st period - Stopped by Antti Niemi with a rebound.
6:17 of 1st period - Wrist shot by Raphael Diaz.
6:17 of 1st period - Shot Misses the Net.
6:19 of 1st period - Snap shot by Vladimir Tarasenko.
6:19 of 1st period - Stopped by Antti Niemi with a rebound.
6:21 of 1st period - Slapshot by Raphael Diaz.
6:21 of 1st period - Stopped by Antti Niemi with a rebound.
6:29 of 1st period - Minor Penalty to Chris Neil for High sticking.
6:30 of 1st period - Patrik Elias wins face-off versus Mikael Granlund in Wild zone.
7:31 of 1st period - Snap shot by Vladimir Tarasenko.
7:31 of 1st period - Shot Hit the Post.
7:33 of 1st period - Snap shot by Patrick Sharp.
7:33 of 1st period - Shot Misses the Net.
7:35 of 1st period - Snap shot by Mikael Granlund.
7:35 of 1st period - Shot Misses the Net.
7:37 of 1st period - Slapshot by Raphael Diaz.
7:37 of 1st period - Goal by Raphael Diaz - Wild : 0 - Penguins : 1.
7:38 of 1st period - Paul Gaustad wins face-off versus Maxime Talbot in neutral zone.
8:22 of 1st period - Icing by Cody Franson.
8:23 of 1st period - Nate Thompson wins face-off versus Maxime Talbot in Wild zone.
8:48 of 1st period - Snap shot by Jimmy Hayes.
8:48 of 1st period - Shot Blocked by Cody Franson.
8:50 of 1st period - Slapshot by Dan Hamhuis.
8:50 of 1st period - Stopped by Antti Niemi with a rebound.
8:56 of 1st period - Snap shot by Chris Kelly.
8:56 of 1st period - Deflect By Jimmy Hayes.
8:56 of 1st period - Shot Blocked by Mark Streit.
8:56 of 1st period - Puck is out of play.
8:57 of 1st period - Mikael Granlund wins face-off versus Patrik Elias in Wild zone.
9:08 of 1st period - Slapshot by Mark Giordano.
9:08 of 1st period - Shot Blocked by Bryce Salvador.
9:10 of 1st period - Slapshot by Mark Giordano.
9:10 of 1st period - Deflect By Mikael Granlund.
9:10 of 1st period - Shot Blocked by Bryce Salvador.
9:10 of 1st period - Puck is out of play.
9:11 of 1st period - Mikael Granlund wins face-off versus Patrik Elias in Wild zone.
9:27 of 1st period - Snap shot by Nathan MacKinnon.
9:27 of 1st period - Deflect By Patrick Sharp.
9:27 of 1st period - Stopped by Antti Niemi without a rebound.
9:28 of 1st period - Jerred Smithson wins face-off versus David Legwand in Wild zone.
9:35 of 1st period - Snap shot by Jason Zucker.
9:35 of 1st period - Shot Misses the Net.
9:39 of 1st period - Wrist shot by Jason Zucker.
9:39 of 1st period - Stopped by Ryan Miller with a rebound.
9:41 of 1st period - Slapshot by Marek Zidlicky.
9:41 of 1st period - Stopped by Ryan Miller with a rebound.
9:43 of 1st period - Slapshot by Marek Zidlicky.
9:43 of 1st period - Shot Blocked by Dan Hamhuis.
9:47 of 1st period - Slapshot by Marek Zidlicky.
9:47 of 1st period - Stopped by Ryan Miller without a rebound.
9:48 of 1st period - Vladimir Tarasenko wins face-off versus Jerred Smithson in Penguins zone.
9:53 of 1st period - Wrist shot by Nail Yakupov.
9:53 of 1st period - Shot Misses the Net.
10:00 of 1st period - Minor Penalty to Tuomo Ruutu for Hooking.
10:01 of 1st period - Mikael Granlund wins face-off versus Thomas Vanek in Wild zone.
10:30 of 1st period - Slapshot by Vladimir Tarasenko.
10:30 of 1st period - Shot Misses the Net.
10:56 of 1st period - Cody Franson is hit by David Legwand and loses puck.
12:00 of 1st period - Penalty to Tuomo Ruutu is over, Tuomo Ruutu is back on ice.
12:04 of 1st period - Bryce Salvador is hit by David Legwand and loses puck.
12:25 of 1st period - Snap shot by Marcus Foligno.
12:25 of 1st period - Shot Misses the Net.
12:44 of 1st period - Off-side.
12:45 of 1st period - Nate Thompson wins face-off versus Jerred Smithson in neutral zone.
12:58 of 1st period - Slapshot by Jason Zucker.
12:58 of 1st period - Stopped by Ryan Miller with a rebound.
13:12 of 1st period - Slapshot by Mark Giordano.
13:12 of 1st period - Shot Misses the Net.
13:17 of 1st period - Off-side.
13:18 of 1st period - Nathan MacKinnon wins face-off versus Michal Handzus in neutral zone.
13:44 of 1st period - Anton Volchenkov is hit by Chris Neil and loses puck.
14:11 of 1st period - Wrist shot by Elias Lindholm.
14:11 of 1st period - Deflect By Marcus Foligno.
14:11 of 1st period - Shot Hit the Post.
14:11 of 1st period - Puck is out of play.
14:12 of 1st period - Maxime Talbot wins face-off versus David Legwand in Wild zone.
14:12 of 1st period - Maxime Talbot is hit by Mark Giordano.
14:20 of 1st period - Snap shot by Alexandre Burrows.
14:20 of 1st period - Stopped by Ryan Miller with a rebound.
14:24 of 1st period - Snap shot by Brad Marchand.
14:24 of 1st period - Stopped by Ryan Miller with a rebound.
14:26 of 1st period - Snap shot by Brad Marchand.
14:26 of 1st period - Shot Misses the Net.
14:28 of 1st period - Slapshot by Mark Streit.
14:28 of 1st period - Stopped by Ryan Miller with a rebound.
14:30 of 1st period - Wrist shot by Cody Franson.
14:30 of 1st period - Shot Blocked by Christian Ehrhoff.
14:32 of 1st period - Slapshot by Cody Franson.
14:32 of 1st period - Shot Blocked by Mark Giordano.
14:46 of 1st period - Wrist shot by Alexandre Burrows.
14:46 of 1st period - Stopped by Ryan Miller without a rebound.
14:47 of 1st period - Paul Gaustad wins face-off versus Patrik Elias in Penguins zone.
14:47 of 1st period - Paul Gaustad is hit by Jordan Eberle.
15:48 of 1st period - Patrick Sharp is hit by Jerred Smithson and loses puck.
15:57 of 1st period - Cody Franson is hit by Patrick Sharp and loses puck.
16:37 of 1st period - Snap shot by Christian Ehrhoff.
16:37 of 1st period - Shot Blocked by Drew Miller.
16:46 of 1st period - Snap shot by Vladimir Tarasenko.
16:46 of 1st period - Stopped by Antti Niemi with a rebound.
16:50 of 1st period - Wrist shot by Vladimir Tarasenko.
16:50 of 1st period - Stopped by Antti Niemi without a rebound.
16:51 of 1st period - Nate Thompson wins face-off versus Maxime Talbot in Wild zone.
17:06 of 1st period - Slapshot by Nate Thompson.
17:06 of 1st period - Stopped by Antti Niemi with a rebound.
17:08 of 1st period - Slapshot by Chris Kelly.
17:08 of 1st period - Shot Misses the Net.
17:10 of 1st period - Snap shot by Chris Butler.
17:10 of 1st period - Stopped by Antti Niemi without a rebound.
17:11 of 1st period - Nate Thompson wins face-off versus Maxime Talbot in Wild zone.
17:12 of 1st period - Wrist shot by Jimmy Hayes.
17:12 of 1st period - Shot Blocked by Cody Franson.
17:14 of 1st period - Snap shot by Chris Kelly.
17:14 of 1st period - Shot Misses the Net.
17:16 of 1st period - Slapshot by Anton Volchenkov.
17:16 of 1st period - Deflect By Nate Thompson.
17:16 of 1st period - Shot Misses the Net.
17:16 of 1st period - Puck is out of play.
17:17 of 1st period - Patrik Elias wins face-off versus Mikael Granlund in Wild zone.
17:19 of 1st period - Minor Penalty to Thomas Vanek for Boarding.
17:20 of 1st period - Patrik Elias wins face-off versus Vladimir Tarasenko in Wild zone.
17:50 of 1st period - Slapshot by Patrick Sharp.
17:50 of 1st period - Shot Misses the Net.
17:52 of 1st period - Slapshot by Christian Ehrhoff.
17:52 of 1st period - Shot Blocked by Dan Boyle.
18:40 of 1st period - Snap shot by David Legwand.
18:40 of 1st period - Shot Misses the Net.
18:42 of 1st period - Slapshot by Dan Hamhuis.
18:42 of 1st period - Stopped by Antti Niemi without a rebound.
18:43 of 1st period - Mikael Granlund wins face-off versus Jordan Eberle in Wild zone.
18:46 of 1st period - Wrist shot by Vladimir Tarasenko.
18:46 of 1st period - Shot Hit the Post.
18:54 of 1st period - Snap shot by Vladimir Tarasenko.
18:54 of 1st period - Stopped by Antti Niemi with a rebound.
19:00 of 1st period - Slapshot by Patrick Sharp.
19:00 of 1st period - Shot Blocked by Bryce Salvador.
19:02 of 1st period - Wrist shot by Mark Giordano.
19:02 of 1st period - Shot Blocked by Jordan Eberle.
19:19 of 1st period - Penalty to Thomas Vanek is over, Thomas Vanek is back on ice.
19:25 of 1st period - Bryce Salvador is hit by Mark Giordano and loses puck.
19:42 of 1st period - Dan Hamhuis is hit by Tuomo Ruutu.
19:56 of 1st period - Slapshot by Chris Butler.
19:56 of 1st period - Stopped by Antti Niemi without a rebound.
19:57 of 1st period - Maxime Talbot wins face-off versus Nate Thompson in Wild zone.
Goals for this period are 0 for Wild vs 1 for Penguins.
Shots for this period are 10 for Wild vs 15 for Penguins.

2nd period


0:01 of 2nd period - Mikael Granlund wins face-off versus Patrik Elias in neutral zone.
0:06 of 2nd period - Wrist shot by Nathan MacKinnon.
0:06 of 2nd period - Stopped by Antti Niemi without a rebound.
0:07 of 2nd period - Patrik Elias wins face-off versus Mikael Granlund in Wild zone.
0:18 of 2nd period - Backhand shot by Jordan Eberle.
0:18 of 2nd period - Stopped by Ryan Miller without a rebound.
0:19 of 2nd period - Mikael Granlund wins face-off versus Patrik Elias in Penguins zone.
0:36 of 2nd period - Wrist shot by Nathan MacKinnon.
0:36 of 2nd period - Stopped by Antti Niemi with a rebound.
1:27 of 2nd period - Snap shot by Vladimir Tarasenko.
1:27 of 2nd period - Stopped by Antti Niemi without a rebound.
1:28 of 2nd period - Maxime Talbot wins face-off versus Paul Gaustad in Wild zone.
1:30 of 2nd period - Minor Penalty to Alexandre Burrows for Roughing.
1:31 of 2nd period - Patrik Elias wins face-off versus Mikael Granlund in Wild zone.
3:08 of 2nd period - Luke Schenn is hit by Mikael Granlund and loses puck.
3:19 of 2nd period - Luke Schenn is hit by Nathan MacKinnon and loses puck.
3:30 of 2nd period - Penalty to Alexandre Burrows is over, Alexandre Burrows is back on ice.
4:16 of 2nd period - Snap shot by Tuomo Ruutu.
4:16 of 2nd period - Shot Misses the Net.
4:18 of 2nd period - Slapshot by Mark Streit.
4:18 of 2nd period - Shot Misses the Net.
4:22 of 2nd period - Snap shot by Tuomo Ruutu.
4:22 of 2nd period - Stopped by Ryan Miller with a rebound.
4:36 of 2nd period - Slapshot by Brad Marchand.
4:36 of 2nd period - Stopped by Ryan Miller with a rebound.
4:38 of 2nd period - Snap shot by Brad Marchand.
4:38 of 2nd period - Goal by Brad Marchand - Wild : 1 - Penguins : 1.
4:39 of 2nd period - Nate Thompson wins face-off versus Maxime Talbot in neutral zone.
6:52 of 2nd period - Snap shot by David Legwand.
6:52 of 2nd period - Stopped by Antti Niemi without a rebound.
6:53 of 2nd period - Jerred Smithson wins face-off versus Paul Gaustad in Wild zone.
7:06 of 2nd period - Wrist shot by Paul Gaustad.
7:06 of 2nd period - Stopped by Antti Niemi with a rebound.
7:08 of 2nd period - Snap shot by Dan Hamhuis.
7:08 of 2nd period - Shot Blocked by Bryce Salvador.
7:10 of 2nd period - Slapshot by Raphael Diaz.
7:10 of 2nd period - Stopped by Antti Niemi without a rebound.
7:11 of 2nd period - Jerred Smithson wins face-off versus Paul Gaustad in Wild zone.
7:20 of 2nd period - Wrist shot by Elias Lindholm.
7:20 of 2nd period - Deflect By Marcus Foligno.
7:20 of 2nd period - Shot Misses the Net.
7:20 of 2nd period - Puck is out of play.
7:21 of 2nd period - David Legwand wins face-off versus Michal Handzus in Wild zone.
9:03 of 2nd period - Dan Hamhuis is hit by Brad Marchand.
9:15 of 2nd period - Anton Volchenkov is hit by Alexandre Burrows and loses puck.
9:42 of 2nd period - Snap shot by Jason Zucker.
9:42 of 2nd period - Shot Misses the Net.
9:50 of 2nd period - Snap shot by Tuomo Ruutu.
9:50 of 2nd period - Stopped by Ryan Miller with a rebound.
9:58 of 2nd period - Snap shot by Cody Franson.
9:58 of 2nd period - Shot Misses the Net.
10:24 of 2nd period - Jimmy Hayes is hit by Chris Neil and loses puck.
11:23 of 2nd period - Mark Giordano is hit by Luke Schenn and loses puck.
12:58 of 2nd period - Backhand shot by Alexandre Burrows.
12:58 of 2nd period - Shot Misses the Net.
13:00 of 2nd period - Wrist shot by Brad Marchand.
13:00 of 2nd period - Shot Misses the Net.
13:02 of 2nd period - Wrist shot by Maxime Talbot.
13:02 of 2nd period - Stopped by Ryan Miller without a rebound.
13:03 of 2nd period - Jerred Smithson wins face-off versus Paul Gaustad in Penguins zone.
14:06 of 2nd period - Wrist shot by Maxime Talbot.
14:06 of 2nd period - Shot Misses the Net.
14:08 of 2nd period - Slapshot by Marek Zidlicky.
14:08 of 2nd period - Deflect By Alexandre Burrows.
14:08 of 2nd period - Stopped by Ryan Miller with a rebound.
14:10 of 2nd period - Snap shot by Alexandre Burrows.
14:10 of 2nd period - Deflect By Maxime Talbot.
14:10 of 2nd period - Stopped by Ryan Miller without a rebound.
14:11 of 2nd period - Michal Handzus wins face-off versus Mikael Granlund in Penguins zone.
14:21 of 2nd period - Snap shot by Dan Boyle.
14:21 of 2nd period - Shot Misses the Net.
14:23 of 2nd period - Slapshot by Marek Zidlicky.
14:23 of 2nd period - Goal by Marek Zidlicky - Wild : 2 - Penguins : 1.
14:24 of 2nd period - Maxime Talbot wins face-off versus Mikael Granlund in neutral zone.
15:32 of 2nd period - Wrist shot by Mark Streit.
15:32 of 2nd period - Stopped by Ryan Miller with a rebound.
15:34 of 2nd period - Snap shot by Cody Franson.
15:34 of 2nd period - Stopped by Ryan Miller with a rebound.
15:36 of 2nd period - Wrist shot by Michal Handzus.
15:36 of 2nd period - Shot Blocked by Vladimir Tarasenko.
15:38 of 2nd period - Wrist shot by Drew Miller.
15:38 of 2nd period - Shot Misses the Net.
15:40 of 2nd period - Slapshot by Cody Franson.
15:40 of 2nd period - Deflect By Drew Miller.
15:40 of 2nd period - Stopped by Ryan Miller with a rebound.
16:28 of 2nd period - Anton Volchenkov is hit by Cody Franson and loses puck.
17:23 of 2nd period - Bryce Salvador is hit by Jimmy Hayes.
18:15 of 2nd period - Dan Hamhuis is hit by Dan Boyle and loses puck.
19:24 of 2nd period - Elias Lindholm is hit by Cody Franson and loses puck.
19:31 of 2nd period - Jerred Smithson is hit by Christian Ehrhoff and loses puck.
19:42 of 2nd period - Mark Giordano is hit by Cody Franson and loses puck.
19:49 of 2nd period - Jason Zucker is hit by Mark Giordano and loses puck.
Goals for this period are 2 for Wild vs 0 for Penguins.
Shots for this period are 12 for Wild vs 6 for Penguins.

3rd period


0:01 of 3rd period - Patrik Elias wins face-off versus Mikael Granlund in neutral zone.
0:34 of 3rd period - Snap shot by Nathan MacKinnon.
0:34 of 3rd period - Shot Hit the Post.
0:36 of 3rd period - Slapshot by Mark Giordano.
0:36 of 3rd period - Stopped by Antti Niemi with a rebound.
0:38 of 3rd period - Slapshot by Christian Ehrhoff.
0:38 of 3rd period - Shot Blocked by Luke Schenn.
1:07 of 3rd period - Luke Schenn is hit by Nail Yakupov and loses puck.
1:52 of 3rd period - Slapshot by Marek Zidlicky.
1:52 of 3rd period - Stopped by Ryan Miller without a rebound.
1:53 of 3rd period - Jason Zucker wins face-off versus Paul Gaustad in Penguins zone.
1:56 of 3rd period - Slapshot by Tuomo Ruutu.
1:56 of 3rd period - Shot Misses the Net.
1:58 of 3rd period - Slapshot by Cody Franson.
1:58 of 3rd period - Stopped by Ryan Miller without a rebound.
1:59 of 3rd period - Jerred Smithson wins face-off versus Marcus Foligno in Penguins zone.
2:33 of 3rd period - Slapshot by Dan Hamhuis.
2:33 of 3rd period - Shot Misses the Net.
2:51 of 3rd period - Raphael Diaz is hit by Marek Zidlicky and loses puck.
2:56 of 3rd period - Snap shot by Jordan Eberle.
2:56 of 3rd period - Shot Blocked by Raphael Diaz.
2:58 of 3rd period - Wrist shot by Patrik Elias.
2:58 of 3rd period - Stopped by Ryan Miller with a rebound.
3:00 of 3rd period - Slapshot by Dan Boyle.
3:00 of 3rd period - Deflect By Thomas Vanek.
3:00 of 3rd period - Stopped by Ryan Miller without a rebound.
3:01 of 3rd period - Nate Thompson wins face-off versus Maxime Talbot in Penguins zone.
3:25 of 3rd period - Slapshot by Chris Kelly.
3:25 of 3rd period - Stopped by Antti Niemi with a rebound.
3:27 of 3rd period - Slapshot by Chris Butler.
3:27 of 3rd period - Shot Misses the Net.
3:43 of 3rd period - Minor Penalty to Alexandre Burrows for Holding.
3:44 of 3rd period - Patrik Elias wins face-off versus Vladimir Tarasenko in Wild zone.
4:42 of 3rd period - Wrist shot by Nathan MacKinnon.
4:42 of 3rd period - Shot Misses the Net.
4:44 of 3rd period - Snap shot by Nathan MacKinnon.
4:44 of 3rd period - Shot Misses the Net.
4:58 of 3rd period - Slapshot by Nathan MacKinnon.
4:58 of 3rd period - Stopped by Antti Niemi with a rebound.
5:00 of 3rd period - Slapshot by Dan Hamhuis.
5:00 of 3rd period - Deflect By Dan Boyle.
5:00 of 3rd period - Stopped by Antti Niemi without a rebound.
5:01 of 3rd period - Mikael Granlund wins face-off versus Jordan Eberle in Wild zone.
5:35 of 3rd period - Snap shot by Drew Miller.
5:35 of 3rd period - Stopped by Ryan Miller with a rebound.
5:37 of 3rd period - Slapshot by Luke Schenn.
5:37 of 3rd period - Stopped by Ryan Miller with a rebound.
5:39 of 3rd period - Backhand shot by Luke Schenn.
5:39 of 3rd period - Stopped by Ryan Miller with a rebound.
5:43 of 3rd period - Penalty to Alexandre Burrows is over, Alexandre Burrows is back on ice.
6:03 of 3rd period - Wrist shot by Elias Lindholm.
6:03 of 3rd period - Stopped by Antti Niemi with a rebound.
6:23 of 3rd period - Snap shot by Elias Lindholm.
6:23 of 3rd period - Shot Blocked by Alexandre Burrows.
6:25 of 3rd period - Snap shot by Anton Volchenkov.
6:25 of 3rd period - Shot Blocked by Bryce Salvador.
6:27 of 3rd period - Slapshot by Anton Volchenkov.
6:27 of 3rd period - Deflect By Marcus Foligno.
6:27 of 3rd period - Stopped by Antti Niemi with a rebound.
6:29 of 3rd period - Snap shot by Paul Gaustad.
6:29 of 3rd period - Shot Misses the Net.
7:00 of 3rd period - Slapshot by Dan Boyle.
7:00 of 3rd period - Stopped by Ryan Miller with a rebound.
7:18 of 3rd period - Slapshot by Marek Zidlicky.
7:18 of 3rd period - Deflect By Jason Zucker.
7:18 of 3rd period - Shot Misses the Net.
7:18 of 3rd period - Puck is out of play.
7:19 of 3rd period - Michal Handzus wins face-off versus Mikael Granlund in Penguins zone.
7:22 of 3rd period - Snap shot by Michal Handzus.
7:22 of 3rd period - Shot Blocked by Mikael Granlund.
7:33 of 3rd period - Off-side.
7:34 of 3rd period - Mikael Granlund wins face-off versus Michal Handzus in neutral zone.
7:51 of 3rd period - Slapshot by Nathan MacKinnon.
7:51 of 3rd period - Stopped by Antti Niemi with a rebound.
7:53 of 3rd period - Slapshot by Christian Ehrhoff.
7:53 of 3rd period - Deflect By Mark Streit.
7:53 of 3rd period - Stopped by Antti Niemi with a rebound.
8:25 of 3rd period - Mark Streit is hit by Vladimir Tarasenko.
8:34 of 3rd period - Off-side.
8:35 of 3rd period - Paul Gaustad wins face-off versus Patrik Elias in neutral zone.
8:38 of 3rd period - Dan Boyle is hit by Dan Hamhuis and loses puck.
8:55 of 3rd period - Slapshot by Dan Hamhuis.
8:55 of 3rd period - Stopped by Antti Niemi without a rebound.
8:56 of 3rd period - Nate Thompson wins face-off versus Maxime Talbot in Wild zone.
9:11 of 3rd period - Snap shot by Luke Schenn.
9:11 of 3rd period - Shot Misses the Net.
9:39 of 3rd period - Anton Volchenkov is hit by Alexandre Burrows and loses puck.
9:54 of 3rd period - Dan Hamhuis is hit by Thomas Vanek and loses puck.
10:34 of 3rd period - Minor Penalty to Chris Neil for Holding.
10:35 of 3rd period - David Legwand wins face-off versus Patrik Elias in Wild zone.
11:03 of 3rd period - Snap shot by David Legwand.
11:03 of 3rd period - Shot Blocked by Dan Boyle.
11:21 of 3rd period - Dan Boyle is hit by Mikael Granlund and loses puck.
11:50 of 3rd period - Drew Miller is hit by Mark Giordano and loses puck.
12:29 of 3rd period - Slapshot by Vladimir Tarasenko.
12:29 of 3rd period - Stopped by Antti Niemi without a rebound.
12:30 of 3rd period - Mikael Granlund wins face-off versus Patrik Elias in Wild zone.
12:34 of 3rd period - Penalty to Chris Neil is over, Chris Neil is back on ice.
13:13 of 3rd period - Snap shot by Elias Lindholm.
13:13 of 3rd period - Shot Misses the Net.
13:34 of 3rd period - Snap shot by Nate Thompson.
13:34 of 3rd period - Shot Misses the Net.
14:08 of 3rd period - Wrist shot by Chris Neil.
14:08 of 3rd period - Shot Misses the Net.
14:10 of 3rd period - Wrist shot by Michal Handzus.
14:10 of 3rd period - Stopped by Ryan Miller with a rebound.
15:04 of 3rd period - Off-side.
15:05 of 3rd period - Mikael Granlund wins face-off versus Jerred Smithson in neutral zone.
15:16 of 3rd period - Slapshot by Dan Boyle.
15:16 of 3rd period - Shot Misses the Net.
16:11 of 3rd period - Bryce Salvador is hit by Paul Gaustad and loses puck.
16:18 of 3rd period - Patrik Elias is hit by Marcus Foligno and loses puck.
17:38 of 3rd period - Snap shot by Jimmy Hayes.
17:38 of 3rd period - Deflect By Chris Kelly.
17:38 of 3rd period - Stopped by Antti Niemi without a rebound.
17:39 of 3rd period - Nate Thompson wins face-off versus Michal Handzus in Wild zone.
18:04 of 3rd period - Backhand shot by Chris Kelly.
18:04 of 3rd period - Stopped by Antti Niemi with a rebound.
18:06 of 3rd period - Wrist shot by Nate Thompson.
18:06 of 3rd period - Stopped by Antti Niemi with a rebound.
18:08 of 3rd period - Slapshot by Anton Volchenkov.
18:08 of 3rd period - Shot Blocked by Luke Schenn.
18:10 of 3rd period - Wrist shot by Nate Thompson.
18:10 of 3rd period - Stopped by Antti Niemi without a rebound.
18:11 of 3rd period - David Legwand wins face-off versus Maxime Talbot in Wild zone.
18:23 of 3rd period - Double Minor Penalty to Mark Streit for Roughing.
18:24 of 3rd period - Mikael Granlund wins face-off versus Thomas Vanek in Wild zone.
18:32 of 3rd period - Wrist shot by Vladimir Tarasenko.
18:32 of 3rd period - Goal by Vladimir Tarasenko - Wild : 2 - Penguins : 2.
18:33 of 3rd period - Patrik Elias wins face-off versus Mikael Granlund in neutral zone.
18:36 of 3rd period - Slapshot by Dan Boyle.
18:36 of 3rd period - Stopped by Ryan Miller with a rebound.
19:41 of 3rd period - Drew Miller is hit by Nail Yakupov and loses puck.
19:46 of 3rd period - Backhand shot by Nathan MacKinnon.
19:46 of 3rd period - Stopped by Antti Niemi without a rebound.
19:47 of 3rd period - Jordan Eberle wins face-off versus David Legwand in Wild zone.
Goals for this period are 0 for Wild vs 1 for Penguins.
Shots for this period are 10 for Wild vs 16 for Penguins.

Overtime #1


0:01 of 1st overtime period - Mikael Granlund wins face-off versus Patrik Elias in neutral zone.
0:16 of 1st overtime period - Snap shot by Dan Boyle.
0:16 of 1st overtime period - Stopped by Ryan Miller with a rebound.
0:25 of 1st overtime period - Slapshot by Mark Giordano.
0:25 of 1st overtime period - Deflect By Mikael Granlund.
0:25 of 1st overtime period - Shot Blocked by Dan Boyle.
0:25 of 1st overtime period - Puck is out of play.
0:26 of 1st overtime period - Mikael Granlund wins face-off versus Patrik Elias in Wild zone.
0:32 of 1st overtime period - Penalty to Mark Streit is over, Mark Streit is back on ice.
0:33 of 1st overtime period - Wrist shot by Mikael Granlund.
0:33 of 1st overtime period - Shot Misses the Net.
1:08 of 1st overtime period - Mark Giordano is hit by Thomas Vanek and loses puck.
1:29 of 1st overtime period - Patrick Sharp is hit by Cody Franson and loses puck.
2:00 of 1st overtime period - Snap shot by Brad Marchand.
2:00 of 1st overtime period - Shot Misses the Net.
2:04 of 1st overtime period - Slapshot by Brad Marchand.
2:04 of 1st overtime period - Shot Misses the Net.
2:15 of 1st overtime period - Icing by Dan Hamhuis.
2:16 of 1st overtime period - Nathan MacKinnon wins face-off versus Brad Marchand in Penguins zone.
2:27 of 1st overtime period - Snap shot by Thomas Vanek.
2:27 of 1st overtime period - Shot Misses the Net.
2:33 of 1st overtime period - Brad Marchand is hit by Anton Volchenkov and loses puck.
3:19 of 1st overtime period - Off-side.
3:20 of 1st overtime period - Brad Marchand wins face-off versus Nathan MacKinnon in neutral zone.
3:23 of 1st overtime period - Slapshot by Mark Streit.
3:23 of 1st overtime period - Shot Misses the Net.
3:25 of 1st overtime period - Slapshot by Bryce Salvador.
3:25 of 1st overtime period - Shot Blocked by Christian Ehrhoff.
3:27 of 1st overtime period - Snap shot by Bryce Salvador.
3:27 of 1st overtime period - Stopped by Ryan Miller with a rebound.
3:29 of 1st overtime period - Wrist shot by Brad Marchand.
3:29 of 1st overtime period - Stopped by Ryan Miller with a rebound.
3:33 of 1st overtime period - Wrist shot by Brad Marchand.
3:33 of 1st overtime period - Shot Misses the Net.
4:02 of 1st overtime period - Snap shot by Anton Volchenkov.
4:02 of 1st overtime period - Stopped by Antti Niemi without a rebound.
4:03 of 1st overtime period - Mikael Granlund wins face-off versus Patrik Elias in Wild zone.
4:38 of 1st overtime period - Wrist shot by Mark Giordano.
4:38 of 1st overtime period - Stopped by Antti Niemi without a rebound.
4:39 of 1st overtime period - Mikael Granlund wins face-off versus Michal Handzus in Wild zone.
Goals for this period are 0 for Wild vs 0 for Penguins.
Shots for this period are 3 for Wild vs 2 for Penguins.

ShootOut


5:00 of 1st overtime period - Penalty Shot by Patrik Elias for Wild.
5:00 of 1st overtime period - Wrist shot by Patrik Elias.
5:00 of 1st overtime period - Shot Misses the Net.
5:00 of 1st overtime period - Penalty Shot by Patrick Sharp for Penguins.
5:00 of 1st overtime period - Snap shot by Patrick Sharp.
5:00 of 1st overtime period - Stopped by Antti Niemi.
5:00 of 1st overtime period - Penalty Shot by Thomas Vanek for Wild.
5:00 of 1st overtime period - Deke by Thomas Vanek.
5:00 of 1st overtime period - Shot Misses the Net.
5:00 of 1st overtime period - Penalty Shot by Paul Gaustad for Penguins.
5:00 of 1st overtime period - Deke by Paul Gaustad.
5:00 of 1st overtime period - Stopped by Antti Niemi.
5:00 of 1st overtime period - Penalty Shot by Jordan Eberle for Wild.
5:00 of 1st overtime period - Snap shot by Jordan Eberle.
5:00 of 1st overtime period - Goal by Jordan Eberle.
5:00 of 1st overtime period - Penalty Shot by Nathan MacKinnon for Penguins.
5:00 of 1st overtime period - Snap shot by Nathan MacKinnon.
5:00 of 1st overtime period - Stopped by Antti Niemi.


Output by the SimonT Hockey Simulator (STHS) for Eric Dolegowski -- Original Page W3C XHTML 1.0 Valid
Hockey Simulator - Hockey Simulation - Hockey Manager